 Dungeon Crawl Stone Soup version 0.31-a0-108-gdf935468f2 (webtiles) character file.

Game seed: 13496344158555912628

51755 Pooter the Marksminotaur (level 14, -1/127 (129) HPs)
             Began as a Minotaur Berserker on May 27, 2023.
             Was a High Priest of Trog.
             Slain by an orc high priest
             ... wielding a +0 scimitar
              (2 damage)
             ... on level 2 of the Orcish Mines.
             The game lasted 01:56:57 (26215 turns).

Pooter the Marksminotaur (Minotaur Berserker)      Turns: 26215, Time: 01:56:58

HP:   -1/127 (129)  AC: 19    Str: 26    XL:     14   Next: 24%
MP:   13/13         EV: 13    Int:  4    God:    Trog [*****.]
Gold: 1790          SH:  5    Dex: 11    Spells: 13/13 levels left

rFire   . . .        a - +3 dire flail (heavy)
rCold   x . .        (shield currently unavailable)
rNeg    + . .        K - +1 plate armour
rPois   .            (helmet restricted)
rElec   .            S - scarf {harm}
rCorr   +            z - +0 pair of gloves
SInv    +            q - +2 pair of boots
Will    +++..        Q - amulet of reflection Stlth
                     h - +5 ring of evasion
HPRegen 1.41/turn    L - ring "Otecu" {rC- rN+ rCorr SInv Stlth+}
MPRegen 0.13/turn

%: harm (+30% outgoing, +20% incoming), reflection
@: mighty, about to teleport, strong-willed, on berserk cooldown, regenerating,
slowed, lightly drained, very slow
A: horns 2, retaliatory headbutt
a: Renounce Religion, Berserk, Trog's Hand, Brothers in Arms


You were on level 2 of the Orcish Mines.
You worshipped Trog.
Trog was extremely pleased with you.
You visited 3 branches of the dungeon, and saw 18 of its levels.

You collected 2846 gold pieces.
You spent 1056 gold pieces at shops.

Inventory:

Hand Weapons
 a - a +3 heavy dire flail (weapon)
   (You took it off Lodul on level 10 of the Dungeon)
 b - a +0 orcbow of draining
   (You took it off a centaur on level 11 of the Dungeon)
 G - a +2 vampiric war axe
   (You found it on level 6 of the Dungeon)
 X - a -1 demon whip of venom
   (You took it off Amaemon on level 3 of the Lair of Beasts)
 Y - a +0 heavy battleaxe
   (You took it off an orc warrior on level 2 of the Orcish Mines)
Missiles
 e - 10 poisoned darts
 n - 5 silver javelins
 H - 2 throwing nets {!f}
 I - 20 boomerangs (quivered)
 M - 2 silver boomerangs
 O - 5 curare-tipped darts
 V - 8 boomerangs of dispersal {!f}
 Z - 6 javelins
Armour
 c - a +0 kite shield
   (You found it on level 1 of the Dungeon)
 q - a +2 pair of boots (worn)
   (You found it on level 3 of the Dungeon)
 z - a +0 pair of gloves (worn)
   (You found it on level 4 of the Dungeon)
 J - an orb of mayhem
   (You took it off an orc on level 6 of the Dungeon)
 K - a +1 plate armour (worn)
   (You took it off an orc on level 6 of the Dungeon)
 R - +0 swamp dragon scales
   (You took it off Maggie on level 10 of the Dungeon)
 S - a scarf of harm (worn)
   (You found it on level 8 of the Dungeon)
Jewellery
 h - a +5 ring of evasion (left hand)
   (You found it on level 1 of the Dungeon)
 p - a ring of ice
   (You took it off Fannar on level 11 of the Dungeon)
 v - an amulet of regeneration
   (You bought it in a shop on level 4 of the Dungeon)
 y - a ring of flight
   (You found it on level 4 of the Dungeon)
 C - a ring of willpower
   (You took it off a wight on level 8 of the Dungeon)
 F - a ring of protection from fire
   (You found it on level 10 of the Dungeon)
 L - the ring "Otecu" (right hand) {rC- rN+ rCorr SInv Stlth+}
   (You bought it in a shop on level 4 of the Dungeon)

   [ring of see invisible]

   rC:        It makes you vulnerable to cold.
   rN:        It protects you from negative energy.
   SInv:      It lets you see invisible.
   rCorr:     It protects you from acid and corrosion.
   Stlth:     It makes you more stealthy.
 Q - an amulet of reflection (around neck)
   (You bought it in a shop on level 4 of the Dungeon)
Wands
 d - a wand of iceblast (14)
   (You bought it in a shop on level 5 of the Dungeon)
 f - a wand of flame (36)
   (You found it on level 3 of the Dungeon)
 u - a wand of paralysis (12)
   (You found it on level 10 of the Dungeon)
 N - a wand of polymorph (18)
   (You found it on level 7 of the Dungeon)
 P - a wand of quicksilver (10)
   (You found it on level 7 of the Dungeon)
Scrolls
 j - a scroll of silence
 k - a scroll of summoning
 m - a scroll of poison {!r}
 o - 2 scrolls of blinking
 t - 5 scrolls of teleportation {@r4}
 w - 3 scrolls of immolation {!r}
 W - a scroll of fear
Potions
 l - a potion of magic {unknown}
 r - a potion of lignification {!q}
 s - 2 potions of haste {@q3}
 x - 8 potions of curing {@q1}
 A - a potion of attraction {unknown}
 B - a potion of invisibility
 D - 2 potions of might
 E - a potion of mutation {!q}
 T - a potion of berserk rage {unknown}
 U - 5 potions of heal wounds {@q2}
Miscellaneous
 g - a piece from Xom's chessboard (15/15)
   (You found it on level 9 of the Dungeon)
 i - a tin of tremorstones (inert)
   (You found it on level 5 of the Lair of Beasts)


   Skills:
 + Level 13.0 Fighting
 * Level 12.9(14.7) Axes
 - Level 11.5(14.0) Maces & Flails
 * Level 16.2 Ranged Weapons
 - Level 8.4 Armour
 - Level 2.1 Dodging
 - Level 1.3 Stealth
 - Level 7.0 Shields
 + Level 4.5 Evocations


You had 13 spell levels left.
You didn't know any spells.
Your spell library was empty.

Dungeon Overview and Level Annotations

Branches:
Dungeon (11/15)            Temple (0/1) D:6            Lair (5/5) D:8
  Swamp (0/4) Lair:2       Spider (0/4) Lair:2        Slime (0/5) Lair:4
    Orc (2/2) D:11            Elf (0/3) Orc:2

Altars:
Elyvilon
Gozag
Okawaru
Qazlal
Sif Muna
Trog
Wu Jian
Xom
The Shining One

Shops:
D:4 =   D:5 *   Orc:2 ?


Innate Abilities, Weirdness & Mutations

You have a pair of horns on your head.
You reflexively headbutt those who attack you in melee.


Message History

An orc warrior comes into view. It is wielding a +0 glaive.
As you read the scroll of teleportation {@r4}, it crumbles to dust.
You feel strangely unstable.
The orc warrior shouts!
You hear a shout!
The orc sorcerer mumbles some strange words.
The orc knight roars a battlecry!
The orc knight goes into a battle-frenzy!
An orc priest comes into view. It is wielding a +0 hand axe.
An orc high priest comes into view. It is wielding a +0 broad axe.
The orc knight hits you from afar with a +3 glaive!!
* * * LOW HITPOINT WARNING * * *
The orc sorcerer casts a spell.
Okay, then.
Blink to where?
An orc knight and an orc wizard come into view.
Found Omiseq's Magic Scroll Shoppe.
As you read the scroll of blinking, it crumbles to dust.
The orc high priest shouts!
The orc knight shouts!
The orc high priest hits you but does no damage.
The orc sorcerer casts a spell at you.
The bolt of negative energy hits the smoke demon.
The smoke demon completely resists.
The bolt of negative energy misses you.
The orc wizard points at you and mumbles some strange words.
The magic dart hits you.
* * * LOW HITPOINT WARNING * * *
The orc high priest prays to Beogh.
The orc high priest closely misses you.
Unknown command.
You hammer the orc high priest like a gong!!!
Your headbutt misses the orc high priest.
The orc priest invokes the aid of Beogh against you.
Beogh smites you!
* * * LOW HITPOINT WARNING * * *
The orc warrior closely misses you.
The orc high priest hits you but does no damage.
The orc high priest mumbles some strange prayers to Beogh against you.
You resist with almost no effort.
The orc wizard points at you and mumbles some strange words.
The magic dart hits you but does no damage.
You block the orc priest's attack.
The orc knight roars a battlecry!
The orcs go into a battle-frenzy!
The smoke demon gestures at you. Something smites you!
* * * LOW HITPOINT WARNING * * *
You block the orange demon's attack.
The orc high priest mumbles some strange prayers to Beogh.
The orc sorcerer casts a spell.
The orc high priest hits you with a +0 scimitar.
You die...

# ###### ##### ##.))o### .##.#
##.)##.o)..## <...# #..## .....#
.##.###.## ##.#. ### #..###..##
##.o#. ###.## ....##.##...#o...#
∩##...# #..###.#
....o3.o#..##..## ..####.#
....ooo@o# #...##
....##.#####o.ooo4# #....# #
............o4334... #...### ###
#...##.#####.oo.o.#.##.....####..
######.##...o.o...#.##......##...
#.##........#. ##.....###... ##
#.##...#....#. #....#.#.... .##
#..##..##..#..# #..##....... ..##
##. ...# #........#..


You could see 3 orc knights, 3 orc high priests, a sun demon (summoned), 2
orange demons, a sixfirhy (summoned), a smoke demon (summoned), 2 orc sorcerers,
a red devil (summoned), 5 orc warriors, 2 orc priests and 3 orc wizards.

Vanquished Creatures
  Fannar (D:11)
  5 hydras
  A catoblepas (Lair:5)
  Erica (Orc:2)
  9 death yaks
  A two-headed ogre (Orc:1)
  Urug (Lair:5)
  Nergalle (Orc:1)
  Amaemon (Lair:3)
  4 skeletal warriors (D:11)
  Lodul (D:10)
  An orc knight (Orc:2)
  2 orc sorcerers (Orc:2)
  A cyclops (D:11)
  3 oklob plants
  2 black mambas
  An ugly thing (D:11)
  Joseph (D:10)
  An orange demon (Lair:3)
  Maggie (D:10)
  10 cane toads
  2 unseen horrors
  12 komodo dragons
  2 rime drakes
  3 polar bears
  6 trolls
  Grinder (D:3)
  6 hornets
  9 blink frogs
  2 jumping spiders (Lair:2)
  2 shadows
  A vampire (D:11)
  2 wraiths
  14 yaks
  4 basilisks
  14 spriggans (Lair:5)
  Eustachio (D:6)
  5 steam dragons
  2 wyverns
  Grum (D:9)
  A redback (Lair:2)
  Menkaure (D:5)
  6 wargs (Orc:1)
  4 acid dragons
  11 water moccasins
  14 orc warriors
  3 sky beasts
  An ice beast (D:6)
  9 black bears
  12 ogres
  20 wolves
  4 boggarts (Lair:5)
  2 phantoms
  11 centaurs
  A kobold brigand (D:9)
  9 bullfrogs
  A gnoll sergeant (D:9)
  12 wights
  5 scorpions
  4 killer bees
  4 electric eels
  2 howler monkeys
  7 hounds
  2 jellies (D:4)
  4 gnoll boudas
  19 orc priests
  A sleepcap (D:7)
  4 iguanas
  Terence (D:3)
  9 orc wizards
  Robin (D:4)
  25 gnolls
  6 adders
  A shadow imp (D:8)
  2 white imps
  A worm (D:2)
  A dart slug (D:1)
  62 orcs
  6 ball pythons
  8 bats
  3 endoplasms (D:1)
  5 giant cockroaches
  13 goblins
  19 hobgoblins
  2 jackals (D:1)
  2 quokkas
  11 frilled lizards
  20 kobolds
  2 rats
  A butterfly (Lair:2)
513 creatures vanquished.

Notes
Turn   | Place    | Note
-------+----------+-------------------------------------------
     0 | D:1      | Pooter the Minotaur Berserker began the quest for the Orb.
     0 | D:1      | Reached XP level 1. HP: 19/19 MP: 0/0
   121 | D:1      | Reached XP level 2. HP: 27/27 MP: 1/1
   153 | D:1      | Reached skill level 1 in Stealth
   691 | D:1      | Reached XP level 3. HP: 33/33 MP: 2/2
  1627 | D:2      | Reached skill level 1 in Ranged Weapons
  1792 | D:2      | Reached ** piety under Trog
  2038 | D:3      | Found a shimmering altar of Xom.
  2038 | D:3      | Found a shimmering altar of Xom.
  2038 | D:3      | Found a shimmering altar of Xom.
  2043 | D:3      | Found a shimmering altar of Xom.
  2164 | D:3      | Reached XP level 4. HP: 38/40 MP: 3/3
  2167 | D:3      | Reached skill level 1 in Shields
  2279 | D:3      | Noticed Grinder
  2293 | D:3      | Killed Grinder
  2294 | D:3      | Reached skill level 5 in Axes
  2294 | D:3      | Reached skill level 3 in Ranged Weapons
  2294 | D:3      | Reached XP level 5. HP: 47/47 MP: 4/4
  2294 | D:3      | Reached XP level 6. HP: 53/53 MP: 5/5
  2358 | D:3      | Found an ornate altar of the Wu Jian Council.
  2432 | D:3      | Noticed Terence
  2508 | D:3      | Killed Terence
  2619 | D:3      | Found an iron altar of Okawaru.
  2667 | D:3      | Found a faded altar of an unknown god.
  2674 | D:3      | Found a glowing golden altar of the Shining One.
  2827 | D:4      | Found Jischafon's Jewellery Boutique.
  2887 | D:4      | Noticed Robin
  2908 | D:4      | Killed Robin
  2945 | D:4      | Reached skill level 5 in Fighting
  2945 | D:4      | Reached skill level 4 in Ranged Weapons
  3053 | D:4      | Reached XP level 7. HP: 59/61 MP: 6/6
  3584 | D:5      | Entered Level 5 of the Dungeon
  3806 | D:5      | Reached skill level 5 in Ranged Weapons
  4052 | D:5      | Found Demefun's Elemental Accessories.
  4059 | D:5      | Bought a wand of iceblast (3) for 93 gold pieces
  4205 | D:5      | Identified the +1 ring mail of Amukiere {rC+ Dex+6}
  4310 | D:5      | Noticed Menkaure
  4317 | D:5      | Killed Menkaure
  4318 | D:5      | Reached XP level 8. HP: 55/70 MP: 7/7
  4809 | D:5      | Found a bloodstained altar of Trog.
  5136 | D:6      | Reached skill level 6 in Ranged Weapons
  5329 | D:6      | Noticed Eustachio
  5392 | D:6      | Killed Eustachio
  5431 | D:6      | Found a staircase to the Ecumenical Temple.
  5459 | D:6      | Reached *** piety under Trog
  5639 | D:6      | Reached skill level 5 in Shields
  5700 | D:6      | Found an opulent altar of Gozag.
  5700 | D:6      | Found a shimmering blue altar of Sif Muna.
  5709 | D:6      | Reached skill level 7 in Ranged Weapons
  5726 | D:6      | Reached XP level 9. HP: 72/78 MP: 8/8
  6159 | D:4      | Bought the ring "Otecu" {rC- rN+ rCorr SInv Stlth+} for 303
                  | gold pieces
  6474 | D:7      | Reached skill level 8 in Ranged Weapons
  6658 | D:7      | Noticed a troll
  6664 | D:7      | Killed a troll
  6665 | D:7      | Reached skill level 10 in Axes
  7084 | D:8      | Noticed a komodo dragon
  7168 | D:8      | Reached skill level 9 in Ranged Weapons
  7240 | D:8      | Noticed a komodo dragon
  7283 | D:8      | Killed a komodo dragon
  7284 | D:8      | Reached XP level 10. HP: 83/88 MP: 9/9
  7349 | D:8      | Found a staircase to the Lair.
  7551 | D:8      | Reached skill level 1 in Maces & Flails
  8947 | D:9      | Noticed Grum
  8953 | D:9      | Killed Grum
  9059 | D:9      | Found a white marble altar of Elyvilon.
  9669 | D:9      | Reached skill level 10 in Ranged Weapons
 10215 | D:4      | Bought an amulet of regeneration for 330 gold pieces
 10626 | D:10     | Entered Level 10 of the Dungeon
 10738 | D:10     | Reached **** piety under Trog
 10756 | D:10     | Found a stormy altar of Qazlal.
 10758 | D:10     | Noticed Joseph
 10958 | D:10     | Noticed Maggie
 10968 | D:10     | Killed Maggie
 10969 | D:10     | Reached XP level 11. HP: 97/97 MP: 10/10
 11452 | D:10     | Killed Joseph
 11840 | D:10     | Noticed Lodul
 11851 | D:9      | Reached skill level 11 in Ranged Weapons
 11916 | D:10     | Killed Lodul
 12335 | Lair:1   | Entered Level 1 of the Lair of Beasts
 12355 | Lair:1   | Reached skill level 5 in Armour
 12833 | Lair:1   | Found the +4 robe of Folly {Brill Will-∞ Int+8}
 13474 | Lair:2   | Identified the +1 chain mail of the Shoals {Harm rCorr
                  | Str-5 Int-5}
 13552 | Lair:2   | Reached skill level 12 in Ranged Weapons
 13624 | Lair:2   | Reached skill level 5 in Maces & Flails
 13695 | Lair:2   | Reached skill level 10 in Fighting
 13740 | Lair:2   | Found a hole to the Spider Nest.
 14225 | Lair:2   | Reached XP level 12. HP: 82/106 MP: 11/11
 14331 | Lair:2   | Found a staircase to the Swamp.
 14579 | Lair:3   | Noticed a death yak
 14579 | Lair:3   | Noticed a death yak
 14579 | Lair:3   | Noticed a death yak
 14579 | Lair:3   | Noticed a death yak
 14579 | Lair:3   | Noticed a death yak
 14616 | Lair:2   | Killed a death yak
 14896 | Lair:3   | Noticed a six-headed hydra
 14904 | Lair:3   | Killed a six-headed hydra
 15155 | Lair:3   | Noticed Amaemon
 15159 | Lair:3   | Killed Amaemon
 15160 | Lair:3   | Reached skill level 13 in Ranged Weapons
 17302 | Lair:3   | Killed a death yak
 17306 | Lair:3   | Killed a death yak
 17316 | Lair:4   | Killed a death yak
 17321 | Lair:3   | Killed a death yak
 17968 | Lair:4   | Noticed an eight-headed hydra
 17975 | Lair:4   | Killed an eight-headed hydra
 18259 | Lair:4   | Found a staircase to the Slime Pits.
 18551 | Lair:5   | Entered Level 5 of the Lair of Beasts
 18559 | Lair:5   | Noticed a seven-headed hydra
 18569 | Lair:5   | Killed a seven-headed hydra
 18626 | Lair:5   | Noticed a seven-headed hydra
 18635 | Lair:5   | Killed a seven-headed hydra
 18699 | Lair:5   | Reached XP level 13. HP: 116/116 MP: 12/12
 18724 | Lair:5   | Reached skill level 14 in Ranged Weapons
 18864 | Lair:5   | Reached skill level 10 in Maces & Flails
 19093 | Lair:5   | Reached skill level 1 in Evocations
 19706 | Lair:5   | Noticed Urug
 19713 | Lair:5   | Killed Urug
 20343 | Lair:5   | Reached skill level 15 in Ranged Weapons
 22942 | D:11     | Reached ***** piety under Trog
 23353 | D:11     | Reached XP level 14. HP: 127/127 MP: 13/13
 23546 | D:4      | Bought an amulet of reflection for 330 gold pieces
 23654 | D:11     | Noticed Fannar
 23677 | D:11     | Killed Fannar
 23732 | D:11     | Found a staircase to the Orcish Mines.
 23885 | Orc:1    | Entered Level 1 of the Orcish Mines
 25336 | Orc:2    | Entered Level 2 of the Orcish Mines
 25454 | Orc:1    | Noticed Nergalle
 25455 | Orc:1    | Noticed Erica
 25482 | Orc:2    | Killed Erica
 25483 | Orc:2    | Reached skill level 16 in Ranged Weapons
 25558 | Orc:1    | Killed Nergalle
 25724 | Orc:2    | Found a staircase to the Elven Halls.
 26214 | Orc:2    | Found Omiseq's Magic Scroll Shoppe.
 26215 | Orc:2    | HP: 1/127 [smoke demon/divine providence[an orc sorcerer]
                  | (15)]
 26215 | Orc:2    | Slain by an orc high priest

Illustrated notes

Levels and vault maps discovered:
D:1:      dpeg_arrival_erosion, layout_loops_ring, chequers_arboretum,
          st_stairs_5
D:2:      layout_basic
D:3:      layout_basic, nicolae_overflow_ecumenical_swirl, xom_redecorated,
          lemuel_coloured_pillars_altar, kennysheep_okawaru_gauntlet,
          uniq_grinder, uniq_terence
D:4:      layout_loops_ring, nrook_mini_backslash, nicolae_stop_n_shop_2,
          serial_bayou_pond_a, kennysheep_generic_room_3, uniq_robin
D:5:      layout_basic, trog_butcher_becter, chequers_serial_rivers_micro_c,
          amethyst_killhole, nicolae_elemental_shop, minmay_misc_feat_doors,
          dreamdust_princess_bridge, uniq_menkaure
D:6:      layout_rooms, jmf_multi_god_temple,
          minmay_temple_entry_statues_pillars, serial_curves, eino_curves_04,
          eino_curves_02, uniq_eustachio
D:7:      layout_gridville, minmay_increasing_density
D:8:      layout_rooms, grunt_lair_entry_orc_guard_hut, serial_co_window_serial,
          co_window_of_opportunity_a, co_window_paths_b, co_window_paths_a,
          co_window_corner_a, co_window_of_opportunity_a,
          co_window_of_opportunity_b, co_window_corner_cb, co_window_paths_c,
          co_window_of_opportunity_b, co_window_2corner, co_window_paths_c,
          co_window_broadway_c, co_window_paths_d, co_window_4corner_a,
          glass_columns_a, minmay_unpleasant_kobolds
D:9:      kennysheep_housing_project, layout_basic, elyvilon_altar_1,
          dreamdust_wishing_well, minmay_orc_keep, uniq_grum
D:10:     layout_grid_maze, mainiacjoe_overflow_concentric_impassable,
          uniq_joseph, uniq_lodul, uniq_maggie
D:11:     layout_rooms, hiddenorc1_lemuel, uniq_fannar
Lair:1:   layout_long_grid, chequers_serial_rivers_micro_c,
          dreamdust_deal_with_the_devil, serial_bayou_lake_a
Lair:2:   layout_chaotic_city, minmay_swamp_entry_eels, spider_nest_entry_a,
          lemuel_fruit_fields
Lair:3:   layout_roguey, chequers_serial_rivers_micro_b,
          infiniplex_staircase_pool_2, uniq_amaemon
Lair:4:   layout_cave_pods, minmay_slime_entry_oklob_enclosed
Lair:5:   minmay_lair_end_enchanted_forest, layout_concentric_octagons,
          uniq_urug
Orc:1:    cheibrodos_orc_guarddog, layout_caves, uniq_nergalle, uniq_erica
Orc:2:    st_orc_elflike, layout_caves

Skill      XL: |  1  2  3  4  5  6  7  8  9 10 11 12 13 14 |
---------------+-------------------------------------------+-----
Axes           | 4 5 6 7 9 10 12 | 12.9
Stealth        | 1 |  1.3
Fighting       | 4 5 6 8 9 10 11 12 13 | 13.0
Ranged Weapons | 1 3 4 5 7 9 10 12 13 15 16 | 16.2
Shields        | 2 4 5 6 7 |  7.0
Maces & Flails | 1 6 9 11 | 11.5
Armour         | 4 6 8 |  8.4
Evocations     | 3 4 |  4.5
Dodging        | |  2.1

Action                     |  1- 3 |  4- 6 |  7- 9 | 10-12 | 13-15 || total
---------------------------+-------+-------+-------+-------+-------++-------
  Melee: Hand axe          |    53 |       |       |       |       ||    53
         Headbutt          |     8 |    10 |    39 |    57 |    52 ||   166
         War axe           |    12 |    74 |   254 |   187 |       ||   527
         Dire flail        |       |       |       |   133 |   291 ||   424
   Fire: Sling             |    48 |    50 |    46 |    45 |       ||   189
         Orcbow            |       |       |       |   166 |   240 ||   406
  Throw: Stone             |       |       |     6 |     1 |       ||     7
         Dart              |       |       |     5 |    10 |       ||    15
         Throwing net      |       |       |     2 |       |       ||     2
         Boomerang         |       |       |       |     5 |     4 ||     9
         Javelin           |       |       |       |     2 |       ||     2
 Invoke: Berserk           |     1 |     2 |     8 |    13 |     9 ||    33
         Trog's Hand       |       |     3 |     7 |    16 |    10 ||    36
  Evoke: Wand              |     1 |       |     9 |    10 |     2 ||    22
         Tin of tremorston |       |       |       |       |     3 ||     3
    Use: Scroll            |     2 |     3 |     6 |    16 |     7 ||    34
         Potion            |       |       |       |     1 |     1 ||     2
   Stab: Sleeping          |     2 |       |       |     1 |     1 ||     4
         Distracted        |     1 |       |       |       |       ||     1
         Paralysed         |       |       |       |       |     1 ||     1
 Armour: Animal skin       |    19 |       |       |       |       ||    19
         Chain mail        |       |    29 |    47 |       |       ||    76
         Plate armour      |       |       |    51 |    75 |    75 ||   201
         Swamp dragon scal |       |       |       |    71 |    66 ||   137
  Dodge: Dodged            |    60 |    45 |   125 |   214 |   219 ||   663
  Block: Kite shield       |    14 |    29 |   112 |    92 |       ||   247
         Other             |       |       |       |       |    25 ||    25

Table legend: (Time is in decaauts)
 A = Elapsed time spent in this place.
 B = Non-inter-level travel time spent in this place.
 C = Inter-level travel time spent in this place.
 D = Time resting spent in this place.
 E = Time spent auto-exploring this place.
 F = Levels seen in this place.
 G = Mean time per level.
                   A        B        C        D        E       F      G
               +--------+--------+--------+--------+--------+-----+--------+
         Total |  26597 |  25145 |   1452 |   9356 |  11150 |  18 | 1477.6 |
       Dungeon |  14006 |  12837 |   1169 |   3217 |   7078 |  11 | 1273.3 |
          Lair |  10373 |  10091 |    282 |   5041 |   3555 |   5 | 2074.6 |
  Orcish Mines |   2217 |   2217 |      0 |   1097 |    516 |   2 | 1108.5 |
               +--------+--------+--------+--------+--------+-----+--------+

Top non-repeatable levels by time:
  Lair:5: 3955 daAuts
  Lair:3: 2165 daAuts
     D:9: 2000 daAuts
  Lair:4: 1907 daAuts
     D:8: 1850 daAuts
     D:5: 1835 daAuts
    D:10: 1713 daAuts
   Orc:1: 1500 daAuts
  Lair:2: 1178 daAuts
  Lair:1: 1167 daAuts
     D:2: 1034 daAuts
    D:11: 1032 daAuts
     D:7: 950 daAuts
     D:4: 940 daAuts
     D:1: 938 daAuts
